 Dungeon Crawl Stone Soup version 0.27.1-1-g398f81649c (webtiles) character file.

Game seed: 6887231843741976655

118 acemry the Changer (level 5, -9/33 HPs)
             Began as an Octopode Transmuter on Sept 6, 2021.
             Mangled by Sigmund (13 damage)
             ... on level 3 of the Dungeon.
             The game lasted 00:06:11 (3044 turns).

acemry the Changer (Octopode Transmuter)            Turns: 3044, Time: 00:06:12

Health: -9/33      AC:  1    Str: 15    XL:     5   Next: 2%
Magic:  8/8        EV: 13    Int: 16    God:
Gold:   82         SH:  0    Dex: 13    Spells: 4/8 levels left

rFire    . . .     SeeInvis .   b - +0 short sword
rCold    . . .     Faith    .   (no shield)
rNeg     . . .     Spirit   .   (helmet restricted)
rPois    .         Reflect  .   (no amulet)
rElec    .         Harm     .   c - +6 ring of strength
rCorr    .         Rampage  .   (no ring)
Will     .....                  (no ring)
Stlth    ++........             (no ring)
HPRegen  0.11/turn              (no ring)
MPRegen  0.11/turn              (no ring)
                                (no ring)
                                (no ring)

@: no status effects
A: almost no armour, amphibious, 8 rings, camouflage 1, gelatinous body 1,
(nimble swimmer 1), tentacles
a: no special abilities


You were on level 3 of the Dungeon.
You visited 1 branch of the dungeon, and saw 3 of its levels.

You collected 82 gold pieces.

Inventory:

Hand Weapons
 b - a +0 short sword (weapon)
Jewellery
 c - a +6 ring of strength (left tentacle)
Scrolls
 d - a scroll of identify
Potions
 a - 2 potions of magic
 e - a potion of berserk rage
 f - a potion of heal wounds


   Skills:
 - Level 1.0 Fighting
 - Level 2.1 Dodging
 - Level 3.0 Unarmed Combat
 - Level 2.0 Spellcasting
 + Level 4.7 Transmutations
 * Level 1.4 Poison Magic


You had 4 spell levels left.
You knew the following spells:

 Your Spells              Type           Power      Damage    Failure   Level
a - Beastly Appendage     Tmut           32%        N/A       3%          1
b - Spider Form           Tmut/Pois      5%         N/A       19%         3

Your spell library contained the following spells:

 Spells                   Type           Power      Damage    Failure   Level
 Wereblood                Tmut           16%        N/A       4%          2
 Sting                    Tmut/Pois      44%        1d5       6%          1
 Poisonous Vapours        Pois/Air       6%         N/A       24%         2
 Ice Form                 Ice/Tmut       9%         N/A       61%         4
 Olgreb's Toxic Radiance  Pois           6%         N/A       75%         4


Dungeon Overview and Level Annotations

Branches:
Dungeon (3/15)

Altars:

Annotations:
D:3 3 runed translucent doors, AttackTheMoon's ghost, amateur GnWz; Sigmund


Innate Abilities, Weirdness & Mutations

You cannot wear most types of armour.
You are amphibious.
You can wear up to eight rings at the same time.
Your skin changes colour to match your surroundings (Stealth+).
Your rubbery body absorbs attacks. (AC +1, EV +1)
((You are camouflaged near water. (Stealth+)))
You have tentacles for arms and can constrict up to eight enemies at once.


Message History

You hit the orc. You grab the orc.
You pierce the orc.
The orc is almost dead.
You constrict the orc.
You kill the orc!
No target in view!
Items here: ))) [ †.
Okay, then.
Sigmund the Dreaded comes into view.
He is wielding a +0 scythe.
Sigmund is nearby!
Sigmund is nearby!
Sigmund is nearby!
There is an open door here.
You close the door.
Your transformation is almost over.
Something unseen opens the door.
You miscast Beastly Appendage.
You are very lightly contaminated with residual magic.
Nothing appears to happen.
Sigmund gestures wildly while chanting.
Sigmund flickers and vanishes!
Deactivating autopickup; reactivate with Ctrl-A.
There is an open door here.
You closely miss something. Your squeeze misses something.
Something barely misses you.
You barely miss something.
You pierce something.
You squeeze something! Something hits you!
You closely miss something.
You pierce something!
You barely miss something.
You hear some strange, mumbled words.
A puff of flame appears from out of thin air!
The puff of flame hits you! Something hits you!
* * * LOW HITPOINT WARNING * * *
You miss something.
You pierce something.
Your tentacle spike disappears.
Your magical contamination has completely faded away.
You closely miss something. Something hits you.
* * * LOW HITPOINT WARNING * * *
You are too injured to fight recklessly!
You miss something. Your squeeze misses something. Something hits you!
You die...

### .......')# #.#
......)#.# #.#
.......#)# #.#
########.# #.# #.#
#.#############.#
###.............#.#
............)...#.#
................@{#
###.............#.#
............(...#.#
###.#############.#
###.# #.# ....# #.#
##### #.# ##


There were no monsters in sight!

Vanquished Creatures
  An orc priest (D:3)
  2 adders (D:2)
  A dart slug (D:1)
  6 orcs (D:3)
  5 bats
  7 endoplasms
  2 giant cockroaches
  7 goblins
  9 hobgoblins
  5 ball pythons
  2 frilled lizards
  6 kobolds
  4 rats
57 creatures vanquished.

Notes
Turn   | Place    | Note
-------+----------+-------------------------------------------
     0 | D:1      | acemry the Octopode Transmuter began the quest for the Orb.
     0 | D:1      | Reached XP level 1. HP: 13/13 MP: 3/3
    93 | D:1      | Reached XP level 2. HP: 18/18 MP: 3/5
   646 | D:1      | Reached skill level 3 in Transmutations
   845 | D:1      | Found a faded altar of an unknown god.
  1018 | D:1      | Reached XP level 3. HP: 23/23 MP: 4/6
  1941 | D:2      | Reached skill level 4 in Transmutations
  1941 | D:2      | Reached XP level 4. HP: 17/28 MP: 5/7
  1945 | D:2      | Learned a level 3 spell: Spider Form
  2756 | D:3      | Found a runed translucent gate.
  2756 | D:3      | Found a runed translucent gate.
  2756 | D:3      | Found a runed translucent gate.
  2756 | D:3      | Noticed AttackTheMoon's ghost (amateur GnWz)
  2899 | D:3      | Reached skill level 1 in Poison Magic
  3014 | D:3      | Reached XP level 5. HP: 28/33 MP: 6/8
  3023 | D:3      | Noticed Sigmund
  3044 | D:3      | Mangled by Sigmund

Illustrated notes

Levels and vault maps discovered:
D:1:      dpeg_arrival_oval, layout_basic,
          shapermc_ecumenical_altar_mp_ritualfount
D:2:      layout_basic, bh_walls_and_bars
D:3:      layout_basic, serial_shops, nicolae_lakefront_shop,
          ebering_ghost_rock_garden, minmay_misc_feat_doors, uniq_sigmund

Skill      XL: |  1  2  3  4 |
---------------+-------------+-----
Transmutations | 3 4 |  4.7
Poison Magic   | 1 |  1.4
Fighting       | |  1.0
Dodging        | |  2.1
Unarmed Combat | |  3.0
Spellcasting   | |  2.0

Action                   |  1- 3 |  4- 6 || total
-------------------------+-------+-------++-------
Melee: Unarmed           |    20 |       ||    20
       Constrict         |    17 |    13 ||    30
       Tentacles         |    15 |     8 ||    23
       Short sword       |    50 |    47 ||    97
       Kick              |     6 |    14 ||    20
       Punch             |     2 |     1 ||     3
 Cast: Beastly Appendage |    21 |    15 ||    36
  Use: Scroll            |     2 |     2 ||     4
 Stab: Sleeping          |     5 |     3 ||     8
Armor: Skin              |     4 |     4 ||     8
Dodge: Dodged            |    42 |    21 ||    63
